 Dungeon Crawl Stone Soup version 0.28.0-53-g5a82cb258f (webtiles) character file.

Game seed: 14236907169152002194

142 nakriel the Caller (level 5, -5/40 HPs)
             Began as a Hill Orc Summoner on July 5, 2022.
             Was a Follower of Beogh.
             Killed from afar by an electric eel (11 damage)
             ... with a bolt of electricity
             ... on level 3 of the Dungeon.
             The game lasted 00:23:04 (4209 turns).

nakriel the Caller (Hill Orc Summoner)              Turns: 4209, Time: 00:23:04

Health: -5/40      AC:  4    Str: 11    XL:     5   Next: 25%
Magic:  2/7        EV: 12    Int: 17    God:    Beogh [*.....]
Gold:   133        SH:  0    Dex: 11    Spells: 1/7 levels left

rFire   . . .      SeeInvis .   c - +3 whip
rCold   . . .      Faith    .   (no shield)
rNeg    . . .      Spirit   .   a - +0 robe
rPois   .          Reflect  .   q - +0 helmet
rElec   .          Harm     .   (no cloak)
rCorr   .          Rampage  .   m - +0 pair of gloves
Will    .....                   (no boots)
Stlth   ++........              (no amulet)
HPRegen 0.13/turn               (no ring)
MPRegen 0.10/turn               (no ring)

@: no status effects
A: no striking features
a: Renounce Religion


You were on level 3 of the Dungeon.
You worshipped Beogh.
Beogh was aware of your devotion.
You visited 1 branch of the dungeon, and saw 3 of its levels.

You collected 133 gold pieces.

Inventory:

Hand Weapons
 c - a +3 whip (weapon)
 g - a +0 hunting sling
 o - a +2 short sword of holy wrath
Armour
 a - a +0 robe (worn)
 m - a +0 pair of gloves (worn)
 p - a +0 animal skin
 q - a +0 helmet (worn)
Magical Staves
 e - a staff of earth
Wands
 h - a wand of flame (26)
Scrolls
 d - 2 scrolls of identify {unknown}
 f - a scroll of noise {unknown}
 i - a scroll of immolation {unknown}
 n - a scroll of enchant weapon {unknown}
Potions
 b - a potion of lignification
 j - a potion of might
 k - a potion of heal wounds {unknown}
 l - 2 potions of berserk rage {unknown}


   Skills:
 + Level 1.2 Fighting
 - Level 1.5 Dodging
 - Level 2.0 Stealth
 - Level 1.5 Spellcasting
 - Level 6.1 Summonings


You had one spell level left.
You knew the following spells:

 Your Spells              Type           Power      Damage    Failure   Level
a - Summon Small Mammal   Summ           88%        N/A       1%          1
b - Call Canine Familiar  Summ           22%        N/A       4%          3
c - Call Imp              Summ           22%        N/A       2%          2

Your spell library contained the following spells:

 Spells                   Type           Power      Damage    Failure   Level
 Summon Guardian Golem    Hex/Summ       11%        N/A       17%         3
 Summon Lightning Spire   Summ/Air       11%        N/A       50%         4
 Malign Gateway           Summ/Tloc      5%         N/A       100%        7
 Summon Horrible Things   Summ           11%        N/A       100%        8


Dungeon Overview and Level Annotations

Branches:
Dungeon (3/15)

Altars:

Annotations:
D:3 1 transporter, exclusion: downstairs


Message History

g - Guard the area. f - Follow me.
Anything else - Cancel.
Gang up on whom?
Press: ? - help, Dir - move target, f - electric eel
Aim: an electric eel (fire blocked by a translucent stone wall) There's something in the way.
Okay, then.
You swap places.
Your crimson imp blinks!
What are your orders? t - Shout!
Orders for allies: a - Attack new target. p - Attack previous target. r - Retreat! s - Stop attacking. g - Guard the area. f - Follow me.
Anything else - Cancel.
Gang up on whom?
Press: ? - help, Dir - move target, f/p - electric eel
Aim: an electric eel (fire blocked by a translucent stone wall) There's something in the way.
Okay, then.
The electric eel shoots out a bolt of lightning at you!
The bolt of electricity hits you! x2
What are your orders? t - Shout!
Orders for allies: a - Attack new target. p - Attack previous target. r - Retreat! s - Stop attacking. g - Guard the area. f - Follow me.
Anything else - Cancel.
Gang up on whom?
Press: ? - help, Dir - move target, f/p - electric eel
Aim: an electric eel Attack!
The electric eel shoots out a bolt of lightning at you!
The bolt of electricity hits you!
The bolt of electricity hits the plant!
The plant begins to die.
The bolt of electricity hits the plant!
The electric eel shoots out a bolt of lightning at you!
The bolt of electricity hits you!
* * * LOW HITPOINT WARNING * * *
The bolt of electricity hits you!
You die...

#
###.###.##.#≈...≈#.#
# #...#
#.##.#≈...≈#.# #
#.### #.##.#≈...≈#.#
#
#.#####.##.#≈.⌠.≈#.#
#### #
#.......##o#≈...≈#.#
#... #
######..##.#≈...S#.#
#.## #
#..##o#≈...S#.# #.#
#### #..##.###'###.#
#.# ...####
#..##.#P@.hP#.# #.#
......#
#..##.#85©.8#.######
#.# ##.##.#
#.....#######......#
#.# #.##.#
#.###....©....####.#
#.# #.##.# #.#
####...#### ##.###.#
##.##.# #.# ##.##
##...##.# ##.##.#
#.# #.# ##.###.#.#
#...#.###.#
####.#####.## ##..#
.......>..#
#..........# #..#


You could see 2 electric eels, 2 neutral orcs, a friendly hound (summoned) and a
friendly crimson imp (summoned).

Vanquished Creatures
  An iguana (D:2)
  Robin (D:3)
  2 adders (D:2)
  A dart slug (D:2)
  2 endoplasms
  5 giant cockroaches
  4 goblins
  5 hobgoblins
  5 kobolds
  A ball python (D:3)
  2 bats
  A frilled lizard (D:2)
  4 rats
34 creatures vanquished.

Vanquished Creatures (collateral kills)
  An adder (D:2)
  A worm (D:2)
  A dart slug (D:3)
  4 endoplasms
  A giant cockroach (D:3)
  6 goblins
  5 hobgoblins
  4 jackals (D:1)
  3 kobolds
  2 ball pythons (D:1)
  A bat (D:2)
  A frilled lizard (D:3)
  4 rats
34 creatures vanquished.

Grand Total: 68 creatures vanquished

Notes
Turn   | Place    | Note
-------+----------+-------------------------------------------
     0 | D:1      | nakriel the Hill Orc Summoner began the quest for the Orb.
     0 | D:1      | Reached XP level 1. HP: 14/14 MP: 3/3
   369 | D:1      | Reached XP level 2. HP: 18/20 MP: 1/4
  1141 | D:1      | Reached XP level 3. HP: 26/26 MP: 3/5
  1218 | D:1      | Reached skill level 5 in Summonings
  1278 | D:1      | Learned a level 3 spell: Call Canine Familiar
  2217 | D:2      | Reached XP level 4. HP: 33/33 MP: 4/6
  2432 | D:2      | Learned a level 2 spell: Call Imp
  2909 | D:2      | Reached skill level 6 in Summonings
  3046 | D:3      | Found a transporter.
  3061 | D:3      | Found a transporter.
  3093 | D:3      | Became a worshipper of Beogh the Brigand
  3550 | D:3      | Noticed Robin
  3580 | D:3      | Reached XP level 5. HP: 26/38 MP: 0/7
  3619 | D:3      | Killed Robin
  3620 | D:3      | Reached skill level 1 in Fighting
  3814 | D:3      | Reached * piety under Beogh
  4209 | D:3      | Killed from afar by an electric eel

Illustrated notes

Levels and vault maps discovered:
D:1:      evilmike_arrival_hilbert_curve, layout_basic, minmay_stone_trees_small
D:2:      layout_loops_ring, minmay_tromino_v4_c
D:3:      gammafunk_steamed_eel, layout_loops_ring, minivault_14, uniq_robin

Skill      XL: |  1  2  3  4  5 |
---------------+----------------+-----
Summonings     | 5 6 |  6.1
Fighting       | 1 |  1.2
Stealth        | 2 |  2.0
Dodging        | |  1.5
Spellcasting   | |  1.5

Action                   |  1- 3 |  4- 6 || total
-------------------------+-------+-------++-------
Melee: Whip              |    64 |    26 ||    90
 Cast: Summon Small Mamm |    55 |     7 ||    62
       Call Canine Famil |       |    11 ||    11
       Call Imp          |       |     7 ||     7
Invok: Convert to Beogh  |       |     1 ||     1
  Use: Potion            |     6 |     1 ||     7
       Scroll            |       |     1 ||     1
 Stab: Sleeping          |     3 |       ||     3
       Distracted        |       |     1 ||     1
Armor: Robe              |     6 |    10 ||    16
Dodge: Dodged            |    43 |    17 ||    60
